 Dungeon Crawl Stone Soup version 0.29-a0-194-g6e3aafee17 (webtiles) character file.

Game seed: 9240749449747241629

2 Zeldest the Skirmisher (level 1, -13/18 HPs)
             Began as a Mummy Chaos Knight on Feb 22, 2022.
             Was a Plaything of Xom.
             Mangled by a manticore (glowing shapeshifter) (24 damage)
             ... on level 1 of the Dungeon.
             The game lasted 00:00:48 (115 turns).

Zeldest the Skirmisher (Mummy Chaos Knight)          Turns: 115, Time: 00:00:49

Health: -13/18     AC:  5    Str: 15      XL:     1   Next: 25%
Magic:  1/1        EV: 11    Int: 11      God:    Xom [..*...]
Gold:   20         SH:  0    Dex: 10 (11) Spells: 0/0 levels left

rFire   x . .      SeeInvis .   c - +1 whip (elec)
rCold   + . .      Faith    .   (no shield)
rNeg    + + +      Spirit   .   b - +2 leather armour
rPois   ∞          Reflect  .   (no helmet)
rElec   .          Harm     .   (no cloak)
rCorr   .          Rampage  .   (no gloves)
Will    .....                   (no boots)
Stlth   +.........              (no amulet)
HPRegen 0.06/turn               (no ring)
MPRegen 0.07/turn               (no ring)

@: brilliant, invisible
A: cold resistance 1, negative energy resistance 3, torment resistance 2, heat
vulnerability 1, no potions
a: Renounce Religion


You were on level 1 of the Dungeon.
You worshipped Xom.
You were a toy of Xom.
You visited 1 branch of the dungeon, and saw 1 of its levels.

You collected 20 gold pieces.

Inventory:

Hand Weapons
 a - a +0 hand axe of chaos
 c - a +1 whip of electrocution (weapon)
Armour
 b - a +2 leather armour (worn)


   Skills:
 + Level 3.0 Fighting
 + Level 2.4 Axes
 + Level 1.6 Armour
 + Level 0.8 Dodging


You couldn't memorise any spells.
You didn't know any spells.
Your spell library was empty.

Dungeon Overview and Level Annotations

Branches:
Dungeon (1/15)

Altars:


Innate Abilities, Weirdness & Mutations

You are immune to poison.
Your flesh is cold resistant. (rC+)
You are immune to negative energy. (rN+++)
You are immune to unholy pain and torment.
You are vulnerable to heat. (rF-)
You do not drink.


Message History

A glowing orange brain comes into view.
The glowing orange brain changes into a deep troll!
There is a staircase leading out of the dungeon here.
The deep troll changes into a shining eye!
There is a staircase leading out of the dungeon here.
You hit the shining eye but do no damage.
The shining eye gazes at you.
Strange energies course through your body.
Your body decomposes!
You feel clumsy.
You hit the shining eye.
The shining eye is lightly wounded.
You hit the shining eye but do no damage.
Lightning courses through the shining eye!
The shining eye is moderately wounded.
You hit the shining eye.
Lightning courses through the shining eye!
The shining eye is severely wounded.
You hit the shining eye.
The shining eye is severely wounded.
You hit the shining eye.
The shining eye is severely wounded.
You hit the shining eye.
The shining eye is severely wounded.
You hit the shining eye.
The shining eye is almost dead.
You hit the shining eye.
The shining eye is almost dead.
The shining eye changes into a manticore!
You closely miss the manticore.
The manticore is moderately wounded.
You closely miss the manticore.
The manticore is moderately wounded.
The manticore misses you. The manticore barely misses you. x2
You barely miss the manticore.
The manticore is moderately wounded.
The manticore bites you!!
Ouch! That really hurt!
You die...
Xom laughs nastily!

..............#.#...####
#
..........†...O..........
..##....######.#########
###.## #... #.###########
#........# #...≈≈.#####
#...≈≈.#...# #.....T#.@.#
#......#H..# #........###
#.....#### #######


You could see a manticore shaped shifter.

Vanquished Creatures
  A quokka (D:1)
  A kobold (D:1)
2 creatures vanquished.

Notes
Turn   | Place    | Note
-------+----------+-------------------------------------------
     0 | D:1      | Zeldest the Mummy Chaos Knight began the quest for the Orb.
     0 | D:1      | Reached XP level 1. HP: 18/18 MP: 1/1
    48 | D:1      | Noticed a glowing shapeshifter
    48 | D:1      | a dart slug changed into a glowing shapeshifter
    48 | D:1      | XOM: potion effect (brilliance)
    48 | D:1      | Noticed a faun
    48 | D:1      | a glowing shapeshifter changed into a faun
    54 | D:1      | Noticed a glowing shapeshifter
    54 | D:1      | a faun changed into a glowing shapeshifter
    55 | D:1      | Noticed a snapping turtle
    55 | D:1      | a glowing shapeshifter changed into a snapping turtle
    59 | D:1      | Noticed a glowing orange brain
    59 | D:1      | a snapping turtle changed into a glowing orange brain
    69 | D:1      | Noticed a redback
    69 | D:1      | a glowing orange brain changed into a redback
    70 | D:1      | Noticed a sea snake
    70 | D:1      | a redback changed into a sea snake
    71 | D:1      | XOM: potion effect (curing)
    72 | D:1      | Noticed a shining eye
    72 | D:1      | a sea snake changed into a shining eye
    73 | D:1      | Noticed a cyclops
    73 | D:1      | a shining eye changed into a cyclops
    74 | D:1      | XOM: potion effect (invisibility)
    74 | D:1      | Noticed a two-headed ogre
    74 | D:1      | a cyclops changed into a two-headed ogre
    84 | D:1      | Noticed a shock serpent
    86 | D:1      | Noticed an eye of devastation
    86 | D:1      | a shock serpent changed into an eye of devastation
    87 | D:1      | Noticed a wolf spider
    87 | D:1      | an eye of devastation changed into a wolf spider
    97 | D:1      | Noticed a glowing orange brain
    97 | D:1      | Noticed a deep troll
    97 | D:1      | a glowing orange brain changed into a deep troll
   102 | D:1      | Noticed a shining eye
   102 | D:1      | a deep troll changed into a shining eye
   112 | D:1      | Noticed a manticore
   112 | D:1      | a shining eye changed into a manticore
   115 | D:1      | Mangled by a manticore (glowing shapeshifter)

Illustrated notes

Levels and vault maps discovered:
D:1:      amcnicky_arrival_single_pillar, layout_basic

Action                   || total
-------------------------++-------
Melee: Whip              ||    16
       Hand axe          ||     4
Armor: Leather armour    ||     2
Dodge: Dodged            ||     9

Table legend: (Time is in decaauts)
 A = Elapsed time spent in this place.
 B = Non-inter-level travel time spent in this place.
 C = Inter-level travel time spent in this place.
 D = Time resting spent in this place.
 E = Time spent auto-exploring this place.
 F = Levels seen in this place.
 G = Mean time per level.
                   A        B        C        D        E       F      G
               +--------+--------+--------+--------+--------+-----+--------+
         Total |    116 |    116 |      0 |      0 |     35 |   1 |  116.0 |
       Dungeon |    116 |    116 |      0 |      0 |     35 |   1 |  116.0 |
               +--------+--------+--------+--------+--------+-----+--------+

Top non-repeatable levels by time:
     D:1: 116 daAuts
